 Dungeon Crawl Stone Soup version 0.21.1-1-g345015f (webtiles) character file.

100 letownia2 the Conjurer (level 4, 0/24 HPs)
             Began as a Tengu Wizard on Mar 4, 2018.
             Was a Follower of Cheibriados.
             Slain by a shadow imp (5 damage)
             ... on level 5 of the Dungeon.
             The game lasted 00:05:43 (994 turns).

letownia2 the Conjurer (Tengu Wizard)                Turns: 994, Time: 00:05:43

Health: 0/24       AC:  3    Str: 11    XL:     4   Next: 74%
Magic:  1/10       EV: 12    Int: 22    God:    Cheibriados [*.....]
Gold:   101        SH:  0    Dex: 15    Spells: 1/10 levels left

rFire    . . .     SeeInvis .   f - +0 dagger
rCold    . . .     Gourm    .   (no shield)
rNeg     + . .     Faith    .   m - +0 leather armour
rPois    .         Spirit   .   b - +0 hat
rElec    .         Reflect  .   (no cloak)
rCorr    .         Harm     .   (no gloves)
MR       .....                  (boots unavailable)
Stlth    ++........             (no amulet)
HPRegen  0.08/turn              h - ring of positive energy
MPRegen  0.12/turn              (no ring)

@: very slightly contaminated, very slow
A: beak, talons 3
a: Bend Time, Renounce Religion


You were on level 5 of the Dungeon.
You worshipped Cheibriados.
Cheibriados was aware of your devotion.
You were not hungry.

You visited 1 branch of the dungeon, and saw 5 of its levels.

You collected 101 gold pieces.

Inventory:

Hand Weapons
 f - a +0 dagger (weapon)
 r - a +0 arbalest
 t - a cursed -1 flail
Armour
 a - a +0 robe
 b - a +0 hat (worn)
 m - a +0 leather armour (worn)
Jewellery
 e - an uncursed ring of ice
 h - a ring of positive energy (left hand)
Scrolls
 i - 3 scrolls of identify
 k - a scroll of remove curse {unknown}
 l - a scroll of fog {unknown}
 n - a scroll of random uselessness {unknown}
 o - a scroll of enchant weapon {unknown}
 q - a scroll of noise {unknown}
Potions
 g - a potion of curing
 j - 2 potions of heal wounds
 p - a potion of flight
Books
 c - a book of Minor Magic

   Spells                             Type                      Level
   a - Magic Dart                     Conjuration                  1
   b - Blink                          Translocation                2
   c - Call Imp                       Summoning                    2
   d - Slow                           Hexes                        2
   e - Conjure Flame                  Conjuration/Fire             3
   f - Mephitic Cloud                 Conjuration/Poison/Air       3
Comestibles
 d - 6 rations
 s - 3 chunks of flesh


   Skills:
 - Level 2.2 Dodging
 - Level 2.0 Stealth
 - Level 3.5 Spellcasting
 + Level 4.1 Conjurations
 - Level 1.2 Summonings
   Level 0.7 Translocations
 + Level 1.0 Fire Magic
 - Level 2.0 Air Magic


You had one spell level left.
You knew the following spells:

 Your Spells              Type           Power        Failure   Level  Hunger
a - Magic Dart            Conj           ###.         2%          1    None
c - Conjure Flame         Conj/Fire      ###.....     16%         3    ###....
e - Mephitic Cloud        Conj/Pois/Air  ##......     21%         3    ###....
i - Call Imp              Summ           #.......     14%         2    ##.....


Dungeon Overview and Level Annotations

Branches:
Dungeon (5/15)
 Temple: D:4-7

Altars:
Cheibriados


Innate Abilities, Weirdness & Mutations

You have a beak for a mouth.
You have claws for feet.


Message History

The magic dart hits the shadow imp.
The shadow imp is heavily wounded.
The shadow imp gestures at you. Pain shoots through your body!
Casting: Magic Dart
Confirm with . or Enter, or press ? or * to list all spells.
You miscast Call Imp.
You are very lightly contaminated with residual magic.
Shadowy shapes form in the air around you, then vanish.
The shadow imp hits you.
* * * LOW HITPOINT WARNING * * *
Casting: Call Imp
Confirm with . or Enter, or press ? or * to list all spells.
Aiming: Magic Dart
Press: ? - help, Shift-Dir - straight line, f/p - shadow imp
Aim: a shadow imp (heavily wounded)
The magic dart hits the shadow imp.
The shadow imp is severely wounded.
The shadow imp hits you.
You die...

#.# #..# #.#
#..# ##.##
#..# ##...##
#..#
##.###.## #
###..###.##
##.## #.
#....##.##
##.# ..
#.......#
#.# ..
#.#5@##<##
##.###..
####.....#
##.....#.
#.#..####.#
#........
##.#.#
#....####.##
#.#.# ####.#
#)# #.#.#
#.. #.#
##.#.# ...
#.# #..#.#
### ..>. #.#
#.##..
..##.... #.#


You could see a shadow imp.

Vanquished Creatures
  4 gnolls (D:5)
  2 adders
  An ooze (D:5)
  A worm (D:3)
  A dart slug (D:5)
  2 leopard geckos (D:1)
  An orc (D:3)
  2 bats
  2 giant cockroaches
  A goblin (D:1)
  3 hobgoblins
  4 jackals
  A ball python (D:3)
  3 frilled lizards
  3 kobolds
  5 rats
36 creatures vanquished.

Vanquished Creatures (collateral kills)
  2 gnolls (D:5)
2 creatures vanquished.

Grand Total: 38 creatures vanquished

Notes
Turn   | Place    | Note
-------+----------+-------------------------------------------
     0 | D:1      | letownia2 the Tengu Wizard began the quest for the Orb.
     0 | D:1      | Reached XP level 1. HP: 10/10 MP: 5/5
   171 | D:2      | Reached XP level 2. HP: 13/15 MP: 2/7
   188 | D:2      | Found a snail-covered altar of Cheibriados.
   197 | D:2      | Became a worshipper of Cheibriados the Contemplative
   263 | D:2      | Learned a level 2 spell: Call Imp
   394 | D:3      | Found a faded altar of an unknown god.
   454 | D:3      | Reached skill level 2 in Conjurations
   562 | D:2      | Reached XP level 3. HP: 17/19 MP: 2/9
   567 | D:2      | Learned a level 3 spell: Mephitic Cloud
   575 | D:1      | Reached skill level 3 in Conjurations
   590 | D:1      | Reached * piety under Cheibriados
   756 | D:4      | Reached skill level 1 in Air Magic
   769 | D:5      | Entered Level 5 of the Dungeon
   801 | D:5      | Reached XP level 4. HP: 15/24 MP: 0/10
   870 | D:5      | Learned a level 3 spell: Conjure Flame
   961 | D:5      | Reached skill level 4 in Conjurations
   973 | D:5      | Reached skill level 1 in Fire Magic
   994 | D:5      | Slain by a shadow imp

Skill      XL: |  1  2  3  4 |
---------------+-------------+-----
Conjurations   | 2 3 4 |  4.1
Air Magic      | 1 2 |  2.0
Fire Magic     | 1 |  1.0
Dodging        | |  2.2
Stealth        | |  2.0
Spellcasting   | |  3.5
Summonings     | |  1.2
Translocations | |  0.7

Action                   |  1- 3 |  4- 6 || total
-------------------------+-------+-------++-------
Melee: Unarmed           |     5 |       ||     5
       Dagger            |    24 |     4 ||    28
       Peck              |     3 |     1 ||     4
       Kick              |     2 |     1 ||     3
 Cast: Magic Dart        |    69 |    15 ||    84
       Mephitic Cloud    |       |     2 ||     2
       Call Imp          |       |     2 ||     2
  Use: Scroll            |     3 |       ||     3
 Stab: Sleeping          |     1 |       ||     1
       Confused          |       |     1 ||     1
Armor: Robe              |     6 |       ||     6
       Leather armour    |    12 |       ||    12
Dodge: Dodged            |    51 |     7 ||    58
